 Dungeon Crawl Stone Soup version 0.19-a0-1899-g2d93087 (webtiles) character file.

10305 Lochraine the Fighter (level 11, -6/89 HPs)
             Began as a Formicid Fighter on Oct 19, 2016.
             Was a High Priest of Okawaru.
             Mangled by a six-headed hydra (12 damage)
             ... on level 2 of the Lair of Beasts.
             The game lasted 00:39:09 (10419 turns).

Lochraine the Fighter (Formicid Fighter)           Turns: 10419, Time: 00:39:10

Health: -6/89      AC: 14    Str: 21    XL:     11   Next: 90%
Magic:  12/17      EV: 16    Int:  8    God:    Okawaru [*****.]
Gold:   599        SH:  7    Dex: 13    Spells: 0 memorised, 10 levels left

rFire  . . .     SeeInvis +     E - +0 flail (crush)
rCold  . . .     Gourm    .     h - +0 scale mail
rNeg   . . .     Faith    .     m - +0 buckler
rPois  .         Spirit   .     (helmet unavailable)
rElec  .         Reflect  .     e - +0 cloak
rCorr  .         Harm     .     j - +0 pair of gloves
MR     +....                    H - +0 pair of boots (curse)
Stlth  +++.......               (no amulet)
                                (no ring)
                                (no ring)

@: heroism, finesse
A: permanent stasis, dig shafts and tunnels, four strong arms, antennae 3
a: Dig, Shaft Self, Heroism, Finesse, Renounce Religion


You were on level 2 of the Lair of Beasts.
You worshipped Okawaru.
Okawaru was extremely pleased with you.
You were not hungry.

You visited 3 branches of the dungeon, and saw 12 of its levels.

You collected 599 gold pieces.

Inventory:

Hand Weapons
 b - a +2 short sword of electrocution
 w - a +2 whip of holy wrath
 E - a +0 flail of crushing (weapon)
 I - a +2 vampiric broad axe
 Q - a +0 war axe
Missiles
 a - 41 bolts
Armour
 c - a +0 shield
 e - a +0 cloak (worn)
 h - a +0 scale mail (worn)
 j - a +0 pair of gloves (worn)
 m - a +0 buckler (worn)
 t - a +0 pair of boots
 H - a cursed +0 pair of boots (worn)
Wands
 B - a wand of polymorph (0/24)
 G - a wand of lightning (0/15)
 K - a wand of confusion (16/48)
 T - a wand of acid (1/15)
Scrolls
 g - 3 scrolls of immolation
 i - a scroll of acquirement {unknown}
 l - 6 scrolls of remove curse
 q - a scroll of enchant armour {unknown}
 u - a scroll of identify
 v - a scroll of enchant weapon {unknown}
 y - a scroll of magic mapping
 A - a scroll of amnesia
 F - a scroll of random uselessness {unknown}
 J - a scroll of recharging {unknown}
 S - a scroll of noise {unknown}
Potions
 d - a potion of might
 k - 5 potions of flight
 p - 3 potions of degeneration {unknown}
 r - a potion of haste {unknown}
 x - 2 potions of beneficial mutation {unknown}
 L - 2 potions of berserk rage {unknown}
 M - 4 potions of curing
 P - a potion of resistance {unknown}
Books
 C - a book of Misfortune

   Spells                             Type                      Level
   a - Confusing Touch                Hexes                        1
   b - Confuse                        Hexes                        3
   c - Gell's Gravitas                Hexes/Translocation          3
   d - Petrify                        Transmutation/Earth          4
   e - Metabolic Englaciation         Hexes/Ice                    5
   f - Yara's Violent Unravelling     Hexes/Transmutation          5
 N - a book of Minor Magic

   Spells                             Type                      Level
   a - Magic Dart                     Conjuration                  1
   b - Blink                          Translocation                2
   c - Call Imp                       Summoning                    2
   d - Repel Missiles                 Charms/Air                   2
   e - Slow                           Hexes                        2
   f - Conjure Flame                  Conjuration/Fire             3
   g - Mephitic Cloud                 Conjuration/Poison/Air       3
 R - a book of Conjurations

   Spells                             Type                      Level
   a - Magic Dart                     Conjuration                  1
   b - Searing Ray                    Conjuration                  2
   c - Dazzling Spray                 Conjuration/Hexes            3
   d - Fulminant Prism                Conjuration/Hexes            4
   e - Iskenderun's Mystic Blast      Conjuration                  4
   f - Iskenderun's Battlesphere      Conjuration/Charms           5
Miscellaneous
 o - a disc of storms
Comestibles
 f - 8 bread rations
 n - 12 fruits
 s - 8 slices of pizza
 z - a meat ration
 D - 3 beef jerkies


   Skills:
 - Level 9.5(14.5) Fighting
 - Level 7.0(12.0) Short Blades
 - Level 3.3(8.3) Axes
   Level 0.0(5.0) Bows
 - Level 9.4(14.4) Armour
 - Level 5.1(10.1) Dodging
 - Level 5.2(10.2) Stealth
 + Level 6.7(11.7) Shields
 - Level 8.1 Invocations
 - Level 4.1 Evocations


You had 10 spell levels left.
You didn't know any spells.

Dungeon Overview and Level Annotations

Branches:
Dungeon (9/15)             Temple (1/1) D:5            Lair (2/6) D:9
  Swamp: Lair:2-4    Shoals: Lair:2-4     Snake: Lair:2-4    Spider: Lair:2-4
    Orc: D:9-12

Altars:
Ashenzari
Cheibriados
Dithmenos
Elyvilon
Fedhas
Gozag
Hepliaklqana
Kikubaaqudgha
Makhleb
Nemelex Xobeh
Okawaru
Qazlal
Ru
Sif Muna
Trog
Uskayaw
Vehumet
Xom
Yredelemnul
Zin
The Shining One


Innate Abilities, Weirdness & Mutations

You are under a permanent stasis effect.
You can dig through walls and to a lower floor.
Your four strong arms can wield two-handed weapons with a shield.
You have a pair of large antennae on your head. (SInv)


Message History

Zapping:
B - a wand of polymorph {zapped: 3} (will waste charges)
Press: ? - help, Shift-Dir - straight line, f/p - six-headed hydra
Aim: a six-headed hydra (chance to defeat MR: 21%) Nothing appears to happen.
You block the six-headed hydra's attack.
The six-headed hydra bites you!
* * * LOW HITPOINT WARNING * * *
The six-headed hydra bites you but does no damage. x2
The six-headed hydra bites you.
* * * LOW HITPOINT WARNING * * *
The six-headed hydra closely misses you.
Evoke which item? (* to show all) (? for menu, Esc to quit)
Zapping:
K - a wand of confusion (will waste charges)
Press: ? - help, Shift-Dir - straight line, f/p - six-headed hydra
Aim: a six-headed hydra (chance to defeat MR: 21%)
The six-headed hydra resists with almost no effort.
Evoking this partially-identified wand wasted a few charges.
Your skill with magical items lets you calculate the power of this device...
This wand has 16 charges left.
The six-headed hydra bites you!
You die...

## ## ##### ###.# ##
)###P#.########...##.##.
.......................
.#.#.#.#...........#..#
.....#..#......#....#
.#.P...##..........#
.#.#.#.#.......#...##
.......##......#@..P#
.#.#.#.##....#.PD..##
.#...#.......#.....#
...#..[#.......P....#
.......##.##...#......#
.......##.##.#.....P....
.......##.##...#...#..P.
...#...##.#P.......##...
.P......#.#..P.....##...


You could see a six-headed hydra.

Vanquished Creatures
  Gastronok (D:9)
  A hydra (Lair:1)
  Pikel (D:7)
  The ghost of Enish the Carver, a novice HEAK of Lugonu (D:7)
  Joseph (D:7)
  A black mamba (Lair:1)
  The ghost of beholder the Covert, a novice KoEn (D:8)
  A spiny frog (Lair:1)
  A hornet (D:8)
  3 yaks (Lair:2)
  A human (D:7)
  4 hogs (D:7)
  A wyvern (Lair:2)
  A basilisk (Lair:2)
  A hungry ghost (D:9)
  Edmund (D:6)
  A water moccasin (Lair:1)
  5 porcupines
  2 hell hounds (D:9)
  A black bear (D:9)
  3 sky beasts
  2 ice beasts (D:8)
  An orc warrior (D:9)
  A phantom (D:5)
  2 ogres
  A centaur (D:8)
  A wolf (Lair:2)
  4 crocodiles
  A big kobold (D:9)
  3 bullfrogs
  A water moccasin skeleton (D:8)
  6 killer bees (D:9)
  3 wights (D:6)
  3 crimson imps
  2 centaur zombies (D:8)
  3 bullfrog zombies (D:5)
  2 bullfrog skeletons (D:5)
  3 orc priests
  3 hounds
  6 orc wizards
  A centaur skeleton (D:9)
  5 iguanas
  6 worker ants
  A hound zombie (D:5)
  2 hound skeletons (D:5)
  2 howler monkey zombies (D:5)
  A worker ant zombie (D:5)
  11 gnolls
  8 adders
  2 oozes
  2 adder zombies (D:5)
  2 adder skeletons (D:4)
  3 dart slugs
  3 leopard geckos
  21 orcs
  3 giant cockroaches
  A goblin (D:1)
  A hobgoblin (D:1)
  13 jackals
  10 kobolds
  2 quokkas
  2 ball pythons
  A frilled lizard (D:2)
  2 leopard gecko zombies
  A quokka skeleton (D:5)
  2 rats
189 creatures vanquished.

Vanquished Creatures (others)
  A slave (D:7)
1 creature vanquished.

Grand Total: 190 creatures vanquished

Notes
Turn   | Place    | Note
-------+----------+-------------------------------------------
     0 | D:1      | Lochraine the Formicid Fighter began the quest for the Orb.
     0 | D:1      | Reached XP level 1. HP: 18/18 MP: 1/1
   225 | D:1      | Reached XP level 2. HP: 23/24 MP: 2/2
   592 | D:2      | Reached XP level 3. HP: 14/29 MP: 3/3
  1476 | D:3      | You fall through a shaft for 3 floors!
  1479 | D:5      | Entered Level 5 of the Dungeon
  1488 | D:5      | Reached XP level 4. HP: 32/35 MP: 4/4
  1745 | D:3      | Found a sacrificial altar of Ru.
  1745 | D:3      | Found a hazy altar of Hepliaklqana.
  1745 | D:3      | Found a white marble altar of Elyvilon.
  1745 | D:3      | Found a shadowy altar of Dithmenos.
  1748 | D:3      | Found a shimmering altar of Xom.
  1796 | D:4      | Reached XP level 5. HP: 23/41 MP: 5/5
  2060 | D:4      | Reached skill level 5 in Armour
  2243 | D:4      | Reached XP level 6. HP: 39/47 MP: 6/6
  2249 | D:4      | Reached skill level 1 in Dodging
  2343 | D:4      | Noticed an ogre
  2352 | D:4      | Killed an ogre
  2352 | D:4      | Reached XP level 7. HP: 19/52 MP: 7/7
  2739 | D:5      | Found a staircase to the Ecumenical Temple.
  2744 | Temple   | Entered the Ecumenical Temple
  2775 | Temple   | Became a worshipper of Warmaster Okawaru
  3527 | D:5      | Reached skill level 5 in Dodging
  3527 | D:5      | Reached XP level 8. HP: 44/58 MP: 8/8
  3779 | D:5      | Reached * piety under Okawaru
  3973 | D:5      | Reached skill level 5 in Fighting
  4402 | D:6      | Noticed Edmund
  4421 | D:6      | Killed Edmund
  4978 | D:6      | Reached ** piety under Okawaru
  4978 | D:6      | Reached XP level 9. HP: 43/73 MP: 9/9
  5156 | D:7      | Noticed Joseph
  5323 | D:7      | Killed Joseph
  5506 | D:7      | Reached skill level 5 in Invocations
  5514 | D:7      | Reached *** piety under Okawaru
  5592 | D:7      | Noticed Pikel
  5605 | D:7      | Killed Pikel
  5605 | D:7      | Reached XP level 10. HP: 44/83 MP: 12/16
  5694 | D:7      | Noticed Enish's ghost (novice HEAK)
  5740 | D:7      | Killed Enish's ghost
  5740 | D:7      | Reached **** piety under Okawaru
  5844 | D:7      | Found an ancient bone altar of Kikubaaqudgha.
  5929 | D:8      | Noticed beholder's ghost (novice KoEn)
  6060 | D:8      | Killed beholder's ghost
  6294 | D:8      | Reached skill level 5 in Stealth
  6561 | D:9      | Reached skill level 1 in Evocations
  7466 | D:9      | Reached skill level 1 in Short Blades
  7564 | D:9      | Reached ***** piety under Okawaru
  7564 | D:9      | Reached XP level 11. HP: 84/89 MP: 17/17
  7666 | D:9      | Noticed Gastronok
  7712 | D:9      | Killed Gastronok
  7738 | D:9      | Found a staircase to the Lair.
  8181 | Lair:1   | Entered Level 1 of the Lair of Beasts
  8902 | Lair:1   | Noticed a four-headed hydra
  8906 | Lair:1   | Received a gift from Okawaru
  8911 | Lair:1   | Killed a four-headed hydra
  9637 | Lair:2   | Reached skill level 5 in Shields
 10400 | Lair:2   | Noticed a five-headed hydra
 10419 | Lair:2   | Mangled by a six-headed hydra

Vault maps used:
D:1:      saegor_arrival_simple_c
D:3:      nicolae_overflow_hidden_temple
D:5:      serial_undead, serial_undead_c, serial_undead_b, serial_undead_a,
          serial_undead_f, serial_undead_c, serial_undead_b, serial_undead_e,
          serial_undead_f, serial_undead_a, serial_undead_b, first_bread
D:6:      minmay_misc_feat_hallway, st_stairs_3, moated_statue, uniq_edmund
D:7:      basic_altar, grunt_livestock, kennysheep_generic_room_14, uniq_joseph,
          uniq_pikel
D:9:      minmay_lair_entry_lava, uniq_gastronok
Temple:   eino_temple_rhombus
Lair:1:   lemuel_fruit_fields, grunt_megastairs_3
Lair:2:   beast_lair_carwin_6, serial_bayou_shore_a

Skill      XL: |  1  2  3  4  5  6  7  8  9 10 11 |
---------------+----------------------------------+-----
Axes           | 3 |  3.3
Shields        | 4 6 |  6.7
Armour         | 4 6 8 9 |  9.4
Dodging        | 2 5 |  5.1
Fighting       | 7 9 |  9.5
Invocations    | 8 |  8.1
Stealth        | 5 |  5.2
Evocations     | 4 |  4.1
Short Blades   | 2 7 |  7.0

Action                   |  1- 3 |  4- 6 |  7- 9 | 10-12 || total
-------------------------+-------+-------+-------+-------++-------
Melee: War axe           |    50 |       |    12 |       ||    62
       Short sword       |    20 |    93 |   303 |   390 ||   806
       Broad axe         |       |       |       |    78 ||    78
       Flail             |       |       |       |     7 ||     7
Throw: Tomahawk          |       |       |       |     3 ||     3
Invok: Heroism           |       |       |     3 |     8 ||    11
       Finesse           |       |       |       |     3 ||     3
 Abil: Dig               |       |       |       |     1 ||     1
Evoke: Wand              |       |       |       |     7 ||     7
  Use: Potion            |     1 |       |       |       ||     1
       Scroll            |       |       |     3 |     5 ||     8
 Stab: Sleeping          |       |       |       |     1 ||     1
       Distracted        |       |       |       |     1 ||     1
  Eat: Chunk             |     2 |     3 |    10 |    12 ||    27
       Beef jerky        |       |       |       |     3 ||     3
       Bread ration      |       |       |       |     2 ||     2
Armor: Scale mail        |    29 |    27 |   105 |   174 ||   335
Dodge: Dodged            |    26 |    33 |   131 |   237 ||   427
Block: Shield            |    11 |       |       |       ||    11
       Buckler           |     1 |    17 |    67 |   122 ||   207
